 Dungeon Crawl Stone Soup version 0.26.0-41-g79a4fc7684 (webtiles) character file.

Game seed: 9977729833501580677

1833 sahdkjhfkaj the Blocker (level 9, 48/48 HPs)
             Began as a Kobold Gladiator on Jan 27, 2021.
             Was a Believer of Uskayaw.
             Quit the game on level 6 of the Dungeon.
             The game lasted 00:07:37 (6146 turns).

sahdkjhfkaj the Blocker (Kobold Gladiator)          Turns: 6146, Time: 00:07:38

Health: 48/48      AC:  4    Str: 11    XL:     9   Next: 33%
Magic:  9/9        EV: 16    Int: 12    God:    Uskayaw [**....]
Gold:   237        SH:  7    Dex: 17    Spells: 8/8 levels left

rFire    . . .     SeeInvis .   a - +2 short sword (venom)
rCold    + . .     Faith    .   l - +0 buckler
rNeg     . . .     Spirit   .   b - +0 leather armour
rPois    .         Reflect  .   c - +0 helmet
rElec    .         Harm     .   (no cloak)
rCorr    .         Rampage  .   (no gloves)
Will     .....                  (no boots)
Stlth    ++........             q - amulet of regeneration
HPRegen  0.56/turn              h - ring of protection from cold
MPRegen  0.11/turn              (no ring)

@: no status effects
A: small, nightstalker 3
a: Renounce Religion, Stomp, Line Pass


You were on level 6 of the Dungeon.
You worshipped Uskayaw.
Uskayaw was noncommittal.
You visited 1 branch of the dungeon, and saw 6 of its levels.
You also visited: Ossuary.

You collected 237 gold pieces.

Inventory:

Hand Weapons
 a - a +2 short sword of venom (weapon)
Missiles
 d - 2 throwing nets (quivered) {!f}
Armour
 b - a +0 leather armour (worn)
 c - a +0 helmet (worn)
 l - a +0 buckler (worn)
Jewellery
 h - a ring of protection from cold (left hand)
 q - an amulet of regeneration (around neck)
 r - an uncursed amulet of reflection {unknown}
 v - an uncursed ring of see invisible {unknown}
Wands
 j - a wand of paralysis (3)
 n - a wand of flame (18)
Scrolls
 e - a scroll of enchant armour
 g - 7 scrolls of remove curse
 i - a scroll of fear
 k - 3 scrolls of teleportation {!r}
 m - 2 scrolls of amnesia
 p - 2 scrolls of immolation
 w - a scroll of fog
Potions
 o - a potion of berserk rage
 s - a potion of heal wounds
 t - a potion of ambrosia
 u - a potion of cancellation {unknown}
 x - a potion of lignification {unknown}


   Skills:
 - Level 2.1 Fighting
 - Level 8.0 Short Blades
 - Level 2.1 Throwing
 - Level 3.6 Dodging
 + Level 8.2 Shields
 - Level 3.0 Evocations


You had 8 spell levels left.
You didn't know any spells.
Your spell library contained the following spells:

 Spells                   Type           Power        Failure   Level
 Animate Skeleton         Necr           0%           41%         1
 Apportation              Tloc           0%           41%         1
 Corona                   Hex            0%           41%         1
 Summon Small Mammal      Summ           0%           41%         1


Dungeon Overview and Level Annotations

Branches:
Dungeon (6/15)            Ossuary (visited)
 Temple: D:4-7

Altars:
Hepliaklqana
Okawaru
Uskayaw
Wu Jian
Xom
Zin

Shops:
D:4 *


Innate Abilities, Weirdness & Mutations

You are small and have problems with some larger weapons.
You are completely attuned to the shadows.


Message History

Pikel closely misses you.
Unknown command.
You hit Pikel but do no damage.
Pikel looks as sick as possible!
Pikel is severely wounded.
You block Pikel's attack.
You barely miss Pikel.
Pikel is severely wounded.
Unknown command.
You hit Pikel.
Pikel looks as sick as possible!
Pikel is almost dead.
You kill Pikel!
With Pikel's spell broken, his former minions thank you for their freedom.
The lemure departs this earthly plane. x4
You can now pass through a line of other dancers.
Your Shields skill increases to level 8!
You have reached level 9!
Your experience leads to an increase in your attributes!
Increase (S)trength, (I)ntelligence, or (D)exterity?
You feel clever.
Are you sure you want to abandon this character and quit the game? (Confirm with "yes".)

#.#.#.#.#.#.#.#.#####
####
................#
########
#.....##.....#.#
#.....##
..#####.....#.#
#.#.#... #.....#.#
#.....## #.......#
#.#.#.# #..####.#
#.....## #.......#
#.##.... #.@.#####
#....### #§#># ####.#
# §§§#... #.###
..§.#.... #....
.#######. #####


There were no monsters in sight!

Vanquished Creatures
  Pikel (D:6)
  Sigmund (D:2)
  A black bear (D:6)
  3 ogres
  A centaur (D:6)
  2 bullfrogs
  2 howler monkeys
  A quasit (D:3)
  A bullfrog zombie (D:5)
  An orc priest (D:4)
  3 orc wizards
  8 worker ants
  A mummy (Ossuary)
  A howler monkey skeleton (D:5)
  3 gnolls (D:4)
  4 adders
  2 shadow imps
  A white imp (D:5)
  An adder zombie (D:5)
  An adder skeleton (D:6)
  2 worms
  2 dart slugs
  5 leopard geckos
  20 orcs
  5 bats
  4 giant cockroaches
  A gnoll zombie (Ossuary)
  4 goblins
  6 hobgoblins
  13 jackals
  A quokka (D:3)
  5 frilled lizards
  7 kobolds
  12 rats
126 creatures vanquished.

Vanquished Creatures (others)
  37 plants (D:5)
37 creatures vanquished.

Grand Total: 163 creatures vanquished

Notes
Turn   | Place    | Note
-------+----------+-------------------------------------------
     0 | D:1      | sahdkjhfkaj the Kobold Gladiator began the quest for the
                  | Orb.
     0 | D:1      | Reached XP level 1. HP: 12/12 MP: 1/1
   153 | D:1      | Reached XP level 2. HP: 17/17 MP: 2/2
   445 | D:1      | Reached skill level 5 in Short Blades
   633 | D:1      | Reached XP level 3. HP: 21/21 MP: 3/3
   761 | D:1      | Reached skill level 1 in Shields
   973 | D:2      | Noticed Sigmund
  1150 | D:2      | Found a shimmering altar of Xom.
  1153 | D:2      | Reached skill level 1 in Evocations
  1728 | D:2      | HP: 1/21 [poisoned by an adder]
  2040 | D:2      | Reached XP level 4. HP: 26/26 MP: 4/4
  2593 | D:2      | Killed Sigmund
  2594 | D:2      | Reached XP level 5. HP: 14/30 MP: 5/5
  2594 | D:2      | Reached XP level 6. HP: 17/35 MP: 6/6
  3136 | D:2      | Found a shimmering altar of Xom.
  4373 | D:4      | HP: 1/35 [gnoll/+0 halberd (18)]
  4378 | D:4      | Reached XP level 7. HP: 4/40 MP: 7/7
  4851 | D:4      | Found Xuypnyut's General Store.
  4910 | D:5      | Entered Level 5 of the Dungeon
  4987 | D:5      | Found an ornate altar of the Wu Jian Council.
  4987 | D:5      | Found a hide-covered altar of Uskayaw.
  4988 | D:5      | Found an iron altar of Okawaru.
  5001 | D:5      | Became a worshipper of Uskayaw the Reveller
  5207 | D:5      | Reached * piety under Uskayaw
  5225 | D:5      | Reached XP level 8. HP: 36/44 MP: 8/8
  5233 | D:5      | Reached ** piety under Uskayaw
  5250 | D:5      | Reached skill level 5 in Shields
  5564 | D:5      | Found a glowing silver altar of Zin.
  5673 | D:5      | Found a sand-covered staircase.
  5679 | Ossuary  | Entered an ossuary
  5780 | D:5      | Found a hazy altar of Hepliaklqana.
  6123 | D:6      | Noticed Pikel
  6145 | D:6      | Killed Pikel
  6146 | D:6      | Reached XP level 9. HP: 48/48 MP: 9/9
  6146 | D:6      | Quit the game

Illustrated notes

Levels and vault maps discovered:
D:1:      heliophobic_arrival_battle_scene, layout_loops_ring
D:2:      layout_loops_cross, lemuel_crystal_altar, uniq_sigmund
D:3:      layout_basic
D:4:      layout_cave_pools, serial_shops, shop_fountains
D:5:      layout_rooms, gammafunk_temple_overflow_claw, zin_treasury,
          nzn_hepliaklqana_mist_gate, serial_bayou, serial_bayou_lagoon_a,
          serial_bayou_shore_b, serial_bayou_ford_a, serial_bayou_pond_d,
          nicolae_ossuary_entry_monument
D:6:      layout_loops_cross, temple_fountains, serial_co_window_serial,
          co_window_cross_1, co_window_paths_a, co_window_paths_b,
          co_window_paths_b, co_window_paths_b, co_window_cross_4,
          co_window_cross_3, co_window_of_opportunity_b,
          co_window_unsneaky_path_c, co_window_of_opportunity_b,
          co_window_corner_b, co_window_4corner_b, co_window_paths_d,
          glass_columns_a, glass_columns_c, uniq_maggie, uniq_pikel

Skill      XL: |  1  2  3  4  5  6  7  8 |
---------------+-------------------------+-----
Short Blades   | 5 6 8 |  8.0
Shields        | 1 2 4 8 |  8.2
Evocations     | 1 3 |  3.0
Fighting       | |  2.1
Throwing       | |  2.1
Dodging        | |  3.6

Action                   |  1- 3 |  4- 6 |  7- 9 || total
-------------------------+-------+-------+-------++-------
Melee: Rapier            |    99 |   145 |       ||   244
       Short sword       |       |    59 |   255 ||   314
Throw: Throwing net      |       |     5 |       ||     5
  Use: Scroll            |     5 |     2 |     5 ||    12
       Potion            |     3 |       |       ||     3
 Stab: Sleeping          |    12 |       |     9 ||    21
       Held in net/web   |       |     1 |       ||     1
       Distracted        |       |     1 |     2 ||     3
Armor: Leather armour    |    10 |    47 |    22 ||    79
Dodge: Dodged            |    58 |   181 |   111 ||   350
Block: Buckler           |     2 |    60 |    57 ||   119
